AoeStats
← Dangerfyld

Fortress

509168872Analyzed
2v2 RM · 6d ago on Sep 25, 2026· 38m 19s· 4 players
Game mode
Random Map
Map size
Normal (6 player)
Population
200
Speed
Normal
Resources
Standard
Victory
Conquest
Starting age
Dark Age
Ending age
Imperial Age
RankedLock teamsTeams togetherTeam positionsShared explorationLock speedFull tech treeHidden civsTurbo modeCheats
Victory
Defeat
🇦🇹 Cumans · Austria
973
+15
🇦🇹 Persians · Austria
943
+17
🇹🇷 Goths · Türkiye
978
-17
🇹🇷 Khmer · Türkiye
940
-15
Dangerfyld
8:34 Feudal Age
10:31 Horse Collar
12:01 Double-Bit Axe
12:22 Gold Mining
12:52 Stone Mining
15:49 Castle Age
15:29 Padded Archer Armor
15:20 Fletching
16:29 Kamandaran
17:54 Bow Saw
17:48 Heavy Plow
20:35 Gold Shaft Mining
20:42 Stone Shaft Mining
20:28 Loom
21:52 Leather Archer Armor
23:20 Bodkin Arrow
25:24 Wheelbarrow
25:35 Ballistics
28:22 Masonry
28:08 Murder Holes
29:48 Hand Cart
32:38 Imperial Age
31:41 Scale Barding Armor
31:47 Forging
31:32 Crossbowman
32:18 Thumb Ring
34:01 Two-Man Saw
33:33 Crop Rotation
34:09 Chemistry
33:35 Bloodlines
33:26 Husbandry
33:40 Citadels
33:50 Conscription
33:35 Pikeman
34:15 Squires
34:00 Arson
35:07 Caravan
35:55 Ring Archer Armor
35:45 Chain Barding Armor
36:50 Hoardings
36:56 Iron Casting
36:21 Scale Mail Armor
38:24 Plate Barding Armor
Auf Chillig
8:21 Feudal Age
9:04 Double-Bit Axe
9:00 Horse Collar
10:13 Wheelbarrow
15:51 Castle Age
15:31 Gold Mining
15:34 Stone Mining
15:31 Loom
16:41 Heavy Plow
16:52 Bow Saw
18:59 Hand Cart
26:12 Imperial Age
24:50 Gold Shaft Mining
24:33 Forging
24:28 Scale Barding Armor
25:21 Bloodlines
26:52 Chain Barding Armor
27:08 Iron Casting
26:34 Cavalier
28:23 Plate Barding Armor
28:20 Fletching
28:49 Paladin
30:41 Blast Furnace
BONCUK
1:20 Loom
8:14 Feudal Age
8:59 Double-Bit Axe
8:57 Horse Collar
13:41 Castle Age
11:45 Gold Mining
13:12 Wheelbarrow
12:23 Town Watch
19:35 Bow Saw
20:06 Heavy Plow
26:32 Imperial Age
25:43 Hand Cart
25:42 Forging
25:33 Scale Mail Armor
25:25 Fletching
25:38 Padded Archer Armor
26:17 Stone Mining
27:03 Ballistics
26:50 Murder Holes
27:36 Iron Casting
27:21 Town Patrol
26:47 Man-at-Arms
27:28 Squires
26:48 Pikeman
29:14 Chemistry
27:40 Long Swordsman
27:44 Crossbowman
28:28 Two-Handed Swordsman
28:31 Halberdier
29:45 Crop Rotation
30:22 Two-Man Saw
29:41 Chain Mail Armor
29:41 Leather Archer Armor
29:23 Bodkin Arrow
alibaba
7:31 Feudal Age
8:28 Horse Collar
8:35 Double-Bit Axe
13:45 Castle Age
12:21 Fletching
17:39 Bodkin Arrow
17:44 Padded Archer Armor
18:54 Padded Archer Armor
20:02 Scale Barding Armor
19:58 Scale Mail Armor
21:54 Husbandry
22:04 Bloodlines
22:31 Tusk Swords
24:13 Chain Barding Armor
24:03 Forging
24:46 Bow Saw
24:48 Heavy Plow
25:44 Wheelbarrow
24:55 Loom
24:55 Town Watch
25:56 Gold Mining
25:56 Stone Mining
25:56 Gold Mining
25:56 Stone Mining
27:16 Hand Cart
27:18 Forging
27:23 Chain Mail Armor
27:18 Forging
27:23 Chain Mail Armor
27:51 Town Patrol
28:09 Leather Archer Armor
32:10 Imperial Age
30:31 Gold Shaft Mining
30:32 Stone Shaft Mining
32:59 Iron Casting
32:24 Capped Ram
35:13 Blast Furnace
34:48 Plate Barding Armor
35:19 Parthian Tactics
34:45 Elite Battle Elephant
36:33 Conscription
37:17 Plate Barding Armor
Connection lost

Rejoining the realm…

Still unreachable

The connection could not be restored.

Session expired

The server has moved on; the page needs a fresh start.